 Dungeon Crawl Stone Soup version 0.18-a0-943-g2c08dd4 (webtiles) character file.

245298 JokEr the Phalangite (level 19, -4/167 HPs)
             Began as a Merfolk Fighter on Dec 28, 2015.
             Was the Champion of Okawaru.
             Slain by a red devil
             ... wielding a +1 trident of protection
              (5 damage)
             ... on level 3 of the Abyss.
             The game lasted 02:15:16 (40446 turns).

JokEr the Phalangite (Merfolk Fighter)             Turns: 40446, Time: 02:15:16

Health: -4/167     AC: 29    Str: 26    XL:     19   Next: 92%
Magic:  27/27      EV: 10    Int: 10    God:    Okawaru [******]
Gold:   551        SH: 21    Dex: 22    Spells: 0 memorised, 18 levels left

rFire  + + +     SeeInvis .     Q - +9 demon trident (drain)
rCold  + + +     Gourm    .     e - +4 gold dragon armour
rNeg   + . .     Faith    .     s - +0 large shield {rC+ rF+}
rPois  +         Spirit   .     y - +0 helmet
rElec  +         Dismiss  .     v - +1 cloak
rCorr  +         Reflect  .     E - +0 pair of gloves "Pizoegod" {rPois}
SustAt .         Harm     .     K - +0 pair of boots of the Lair of Beasts {*Confuse Dex+6 Slay+3}
MR     +....     Clarity  +     d - amulet of resist corrosion
Stlth  ..........               I - ring "Niroxto" {rC+ rN+ Dex+2}
                                G - ring of the Scarab {rElec Str+5}

@: resistant, non-regenerating, mildly diseased, somewhat resistant to hostile
enchantments, extremely unstealthy
A: change form in water, swift swim, clarity, regeneration 1
a: Heroism, Finesse, Renounce Religion
}: 1/15 runes: serpentine


You were on level 3 of the Abyss.
You worshipped Okawaru.
Okawaru was exalted by your worship.
You were not hungry.

You visited 6 branches of the dungeon, and saw 32 of its levels.
You visited the Abyss 1 time.
You also visited: Labyrinth.

You collected 3267 gold pieces.
You spent 2716 gold pieces at shops.

Inventory:

Hand Weapons
 Q - a +9 demon trident of draining (weapon)
Armour
 e - a +4 gold dragon armour (worn)
 m - a +2 shadow dragon armour
 s - a +0 large shield of resistance (worn)
 v - a +1 cloak (worn)
 y - a +0 helmet (worn)
 E - the +0 pair of gloves "Pizoegod" (worn) {rPois}
   (You bought it in a shop on level 2 of the Orcish Mines)

   It protects you from poison.
 K - the +0 pair of boots of the Lair of Beasts (worn) {*Confuse Dex+6 Slay+3}
   (Okawaru gifted it to you on level 1 of the Lair of Beasts)

   It affects your dexterity (+6).
   It affects your accuracy and damage with ranged weapons and melee attacks
   (+3).
   It may confuse you when you take damage.
Jewellery
 d - an amulet of resist corrosion (around neck)
 G - the ring of the Scarab (left hand) {rElec Str+5}
   (You took it off a greater naga on level 2 of the Snake Pit)

   [ring of strength]

   It affects your strength (+5).
   It insulates you from electricity.
 I - the ring "Niroxto" (right hand) {rC+ rN+ Dex+2}
   (You bought it in a shop on level 13 of the Dungeon)

   [ring of protection from cold]

   It affects your dexterity (+2).
   It protects you from cold.
   It protects you from negative energy.
Wands
 a - a wand of disintegration (13/24)
 j - a wand of digging (1/24)
 l - a wand of digging (14/24)
 q - a wand of fireball (9/15)
 x - a wand of hasting (2/9)
 A - a wand of hasting (5/9)
 N - a wand of cold (9/15)
 R - a wand of teleportation (7/9)
Scrolls
 b - 11 scrolls of remove curse
 i - a scroll of teleportation
 n - a scroll of summoning
 C - 4 scrolls of magic mapping
 Y - a scroll of enchant weapon
Potions
 h - 5 potions of brilliance
 k - 3 potions of haste
 o - a potion of berserk rage
 r - 5 potions of flight
 t - a potion of magic
 F - 2 potions of cure mutation
 M - a potion of resistance
Books
 c - an Akashic Record

   Spells                             Type                      Level
   a - Dispersal                      Translocation                6
   b - Malign Gateway                 Summoning/Translocation      7
   c - Disjunction                    Translocation                8
   d - Controlled Blink               Translocation                8
Miscellaneous
 u - a box of beasts
Comestibles
 f - 10 bread rations
 p - 3 slices of pizza
 z - 11 beef jerkies
 B - 4 meat rations
 J - 8 fruits
 V - 3 royal jellies


   Skills:
 + Level 19.2 Fighting
 - Level 21.0 Polearms
 + Level 12.1 Armour
 - Level 10.3 Dodging
 - Level 13.0 Shields
 - Level 8.5 Invocations
 - Level 11.9 Evocations


You had 18 spell levels left.
You didn't know any spells.

Dungeon Overview and Level Annotations

Branches:
Dungeon (15/15)            Temple (1/1) D:5            Lair (8/8) D:11
 Shoals (0/4) Lair:3        Snake (4/4) Lair:5        Slime (0/6) Lair:6
    Orc (2/2) D:12            Elf (0/3) Orc:2        Vaults (2/5) D:14
 Depths (0/5) D:15
  Crypt: Vaults:2-3

Altars:
Ashenzari
Cheibriados
Dithmenos
Elyvilon
Gozag
Kikubaaqudgha
Makhleb
Nemelex Xobeh
Okawaru
Pakellas
Qazlal
Ru
Sif Muna
Trog
Vehumet
Xom
Yredelemnul
Zin
The Shining One

Shops:
D:13 =   Orc:2 [:*!   Snake:1 *   Vaults:1 [

Portals:
Pandemonium: Orc:2

Annotations:
Lair:7 exclusion: 5 oklob plants


Innate Abilities, Weirdness & Mutations

You revert to your normal form in water.
You are very nimble and swift while swimming.
You possess an exceptional clarity of mind.
Your natural rate of healing is unusually fast.


Message History

The angel is almost dead.
The angel hits you but does no damage. You block the angel's attack.
You impale the angel!!
You kill the angel!
Okawaru accepts your kill.
You start resting.
Your magical contamination has completely faded away.
You start resting.
A red devil comes into view. It is wielding a trident of protection.
Drink which item? (? for menu, Esc to quit)
You feel protected.
You feel like a meek peon again. You block the red devil's attack.
Drink which item? (? for menu, Esc to quit)
Your magic is already full.
The red devil hops backward while attacking.
You block the red devil's attack.
Things that are here:
a whip of holy wrath; a glowing robe The red devil hits you with a trident of protection.
You die...

# .# ## # # .#
... # .#####
#. .#. $
#.#.4.##.#....
. #...@.#...#
#.....#.#)...#
.
..#....#.###.#
## .##...### .
###. ## ##


You could see a red devil.

Vanquished Creatures
  Vashnia (Snake:2)
  Nikola (Snake:3)
  A lich (Vaults:2)
  A tentacled starspawn (Abyss:3)
  Kirke (Lair:6)
  The ghost of Daviar the Eclecticist, an adept DrFE of Gozag (Snake:1)
  A fire giant (Vaults:1)
  7 greater nagas
  Wiglaf (Vaults:1)
  A vault warden (Vaults:1)
  An emperor scorpion (D:15)
  Aizul (Snake:3)
  An angel (Abyss:3)
  2 stone giants
  3 ironheart preservers
  A deep elf annihilator (Vaults:1)
  Azrael (Snake:2)
  Snorg (Lair:5)
  An ettin (Orc:2)
  3 yaktaur captains
  A minotaur (Lab)
  Fannar (Orc:1)
  4 hydras
  19 naga warriors
  2 ice dragons
  4 death knights
  3 catoblepae (Lair:8)
  3 ogre magi (Vaults:1)
  2 rakshasas (Vaults:1)
  4 centaur warriors
  6 anacondas
  Erolcha (Orc:1)
  Erica (D:8)
  12 death yaks (Lair:8)
  4 orc high priests
  23 naga sharpshooters
  A sun demon (Orc:2)
  4 shock serpents
  5 deep elf knights (Vaults:1)
  15 skeletal warriors
  The ghost of stickyfingers the Basher, a novice MiSu of Cheibriados (D:7)
  A flayed ghost (Vaults:1)
  An infernal demonspawn (Orc:2)
  7 naga ritualists
  Pikel (D:7)
  5 deep elf archers
  2 unseen horrors
  A putrid demonspawn (Orc:2)
  3 ironbrand convokers (Vaults:1)
  An anubis guard (shapeshifter) (D:15)
  8 deep elf magi
  2 phantasmal warriors
  10 orc knights
  3 cyclopes
  11 salamanders
  2 hill giants
  9 mana vipers
  3 manticores
  2 necromancers (D:14)
  11 orc sorcerers
  3 griffons
  5 slime creatures
  A wolf spider (Vaults:1)
  14 ugly things
  14 elephants
  A hornet (Vaults:1)
  A smoke demon (Abyss:3)
  4 guardian serpents
  A siren (Lair:3)
  31 naga magi
  A black mamba (shapeshifter) (Vaults:1)
  3 centaur skeletons
  7 komodo dragons
  14 spiny frogs
  A torpor snail (Lair:4)
  An orange demon (Orc:2)
  12 yaktaurs
  A gargoyle (D:14)
  4 kobold demonologists
  46 black mambas
  3 vault sentinels
  An ice devil (Orc:2)
  A hellwing (Orc:2)
  An ancient zyme (Abyss:3)
  A large abomination (Abyss:3)
  2 minotaur zombies (Lab)
  The ghost of PinkishYellow the Ruffian, a novice VSMo (D:5)
  2 freezing wraiths (D:14)
  2 polar bears (Lair:7)
  3 trolls
  A trapdoor spider zombie (D:9)
  6 two-headed ogres
  23 blink frogs
  4 wraiths
  2 shadows
  A wyvern (D:12)
  63 yaks
  3 hogs (Lair:6)
  2 neqoxecs (Orc:2)
  A vampire (D:14)
  3 hungry ghosts
  2 fire elementals (Snake:2)
  A steam dragon (D:9)
  A mottled dragon (D:12)
  12 hippogriffs
  6 vampire mosquitoes
  7 swamp worms (Lair:1)
  6 basilisks
  2 soldier ants (D:13)
  9 wargs
  2 hell hounds (Snake:2)
  62 nagas
  10 water moccasins
  13 wolves
  A sky beast (D:8)
  15 porcupines
  An eye of draining (D:12)
  2 ice beasts
  44 orc warriors
  2 phantoms
  2 black bears
  A wasp (D:8)
  7 centaurs
  20 ogres
  16 crocodiles
  15 boggarts
  20 giant frogs
  7 big kobolds
  A human simulacrum (Vaults:1)
  5 wights
  4 lava snakes (Lab)
  A wasp zombie (D:12)
  4 centaur zombies
  27 orc wizards
  29 orc priests
  4 hounds
  6 crimson imps
  4 jellies
  A giant frog skeleton (D:5)
  10 iguanas
  Ijyb (D:2)
  18 sheep
  9 worker ants
  2 killer bee zombies
  13 adders
  58 river rats
  5 shadow imps
  2 white imps (Lair:6)
  2 oozes (D:3)
  16 worms
  8 giant geckos
  106 orcs
  A ball python (D:3)
  3 giant cockroaches
  6 goblins
  9 hobgoblins
  22 jackals
  6 quokkas
  10 bats
  A giant gecko skeleton (D:7)
  A giant newt (D:1)
  A jackal skeleton (D:9)
  26 kobolds
  3 quokka skeletons
  2 rats
  A fungus (Lair:7)
  2 plants (D:11)
  A starspawn tentacle (Abyss:3)
1238 creatures vanquished.

Vanquished Creatures (collateral kills)
  An unseen horror (D:15)
1 creature vanquished.

Vanquished Creatures (others)
  A large abomination (Abyss:3)
  A naga ritualist (Snake:3)
  A naga mage (Snake:4)
  A human (Lair:6)
  2 slaves (D:7)
  An orc warrior (D:11)
  A giant frog (Lair:6)
  A crimson imp (D:7)
  An orc (Vaults:1)
  5 fungi
  6 plants
  2 starspawn tentacles (Abyss:3)
  24 starspawn tentacle segments (Abyss:3)
47 creatures vanquished.

Grand Total: 1286 creatures vanquished

Notes
Turn   | Place    | Note
--------------------------------------------------------------
     0 | D:1      | JokEr the Merfolk Fighter began the quest for the Orb.
     0 | D:1      | Reached XP level 1. HP: 18/18 MP: 1/1
   328 | D:1      | Reached XP level 2. HP: 20/24 MP: 2/2
   548 | D:1      | Reached skill level 4 in Polearms
   754 | D:2      | Reached XP level 3. HP: 24/30 MP: 3/3
  1073 | D:2      | Noticed Ijyb
  1089 | D:2      | Killed Ijyb
  1089 | D:2      | Reached skill level 5 in Polearms
  1089 | D:2      | Reached XP level 4. HP: 34/37 MP: 4/4
  1294 | D:2      | Found an oddly glowing altar of Pakellas.
  1742 | D:3      | Reached XP level 5. HP: 31/43 MP: 5/5
  1968 | D:3      | Reached skill level 6 in Polearms
  2118 | D:3      | Reached skill level 5 in Fighting
  2437 | D:3      | Reached XP level 6. HP: 49/51 MP: 6/6
  2513 | D:3      | Reached skill level 7 in Polearms
  2617 | D:3      | Found a bloodstained altar of Trog.
  3063 | D:4      | Found a glowing silver altar of Zin.
  3151 | D:4      | Found a sparkling altar of Nemelex Xobeh.
  3185 | D:4      | Reached skill level 8 in Polearms
  3211 | D:4      | Reached XP level 7. HP: 43/58 MP: 7/7
  3910 | D:5      | Entered Level 5 of the Dungeon
  3912 | D:5      | Noticed PinkishYellow's ghost (novice VSMo)
  3923 | D:5      | Killed PinkishYellow's ghost
  3923 | D:5      | Reached skill level 9 in Polearms
  3953 | D:5      | Reached XP level 8. HP: 59/67 MP: 8/8
  4001 | D:5      | Got a dazzling plate armour
  4012 | D:5      | Identified the cursed +1 plate armour of Midnight {Stlth+} (You found it on level 5 of the Dungeon)
  4055 | D:5      | Reached skill level 10 in Polearms
  4499 | D:5      | Found a staircase to the Ecumenical Temple.
  4871 | D:5      | Found a deep blue altar of Sif Muna.
  5203 | D:6      | Reached skill level 11 in Polearms
  5456 | D:6      | Found a shadowy altar of Dithmenos.
  5686 | D:7      | Noticed stickyfingers's ghost (novice MiSu)
  6353 | Temple   | Entered the Ecumenical Temple
  6519 | Temple   | Became a worshipper of Warmaster Okawaru
  6665 | D:7      | Reached XP level 9. HP: 37/76 MP: 9/9
  6962 | D:7      | Got a faintly glowing long sword
  6963 | D:7      | Identified the +1 long sword "Rojerash" {slice, *Noise +Rage rF+ Dex+3} (You found it on level 7 of the Dungeon)
  7007 | D:7      | Noticed Pikel
  7030 | D:7      | Killed Pikel
  7030 | D:7      | Reached * piety under Okawaru
  7030 | D:7      | Reached skill level 12 in Polearms
  7315 | D:7      | Found a glowing golden altar of the Shining One.
  7555 | D:7      | Killed stickyfingers's ghost
  7555 | D:7      | Reached ** piety under Okawaru
  7555 | D:7      | Reached skill level 10 in Fighting
  7555 | D:7      | Reached skill level 13 in Polearms
  8178 | D:7      | Reached XP level 10. HP: 15/86 MP: 10/10
  8636 | D:7      | Reached skill level 14 in Polearms
  8766 | D:8      | Found a basalt altar of Yredelemnul.
  8796 | D:8      | Noticed a centaur warrior
  8829 | D:8      | Killed a centaur warrior
  9216 | D:8      | Reached *** piety under Okawaru
  9568 | D:8      | Reached skill level 15 in Polearms
 10046 | D:9      | Noticed Erica
 10047 | D:9      | Reached **** piety under Okawaru
 10118 | D:8      | Reached XP level 11. HP: 71/96 MP: 11/11
 10247 | D:8      | Killed Erica
 10247 | D:8      | Reached skill level 16 in Polearms
 10841 | D:9      | Found a shattered altar of Ashenzari.
 11264 | D:10     | Entered Level 10 of the Dungeon
 11779 | D:11     | Noticed a hill giant
 11795 | D:11     | Killed a hill giant
 12019 | D:11     | Reached ***** piety under Okawaru
 12069 | D:11     | Found a staircase to the Lair.
 12337 | Lair:1   | Entered Level 1 of the Lair of Beasts
 12813 | Lair:1   | Received a gift from Okawaru
 12844 | Lair:1   | Got a pair of jewelled boots {god gift}
 12850 | Lair:1   | Identified the +0 pair of boots of the Lair of Beasts {*Confuse Dex+6 Slay+3} (Okawaru gifted it to you on level 1 of the Lair of Beasts)
 13051 | Lair:1   | Identified Reghies's Volume of Malediction
 13890 | Lair:1   | Reached skill level 5 in Armour
 13973 | Lair:1   | Reached XP level 12. HP: 105/105 MP: 12/12
 14515 | Lair:2   | Noticed a six-headed hydra
 14526 | Lair:2   | Killed a six-headed hydra
 15832 | Lair:3   | Found a staircase to the Shoals.
 16884 | Lair:3   | Received a gift from Okawaru
 17178 | Lair:3   | Gained mutation: Your natural rate of healing is unusually fast. [potion of beneficial mutation]
 17234 | Lair:4   | Received a gift from Okawaru
 17436 | Lair:4   | Reached XP level 13. HP: 98/111 MP: 13/13
 17734 | Lair:4   | Reached skill level 1 in Dodging
 18087 | Lair:4   | Reached skill level 5 in Dodging
 18929 | Lair:5   | Noticed Snorg
 18929 | Lair:5   | Found a staircase to the Snake Pit.
 18956 | Lair:5   | Killed Snorg
 19054 | Lair:5   | Received a gift from Okawaru
 19249 | Lair:5   | Reached skill level 10 in Dodging
 19408 | Lair:5   | Reached skill level 1 in Invocations
 19804 | Lair:6   | Found a staircase to the Slime Pits.
 19808 | Lair:6   | Noticed Kirke
 19831 | Lair:6   | Killed Kirke
 19964 | Lair:6   | Reached skill level 5 in Invocations
 20344 | Lair:6   | Received a gift from Okawaru
 20904 | Lair:6   | Reached XP level 14. HP: 118/118 MP: 19/19
 21053 | Lair:7   | Reached XP level 15. HP: 124/124 MP: 20/20
 22338 | Lair:8   | Entered Level 8 of the Lair of Beasts
 22448 | Lair:8   | Received a gift from Okawaru
 22809 | Lair:8   | Reached skill level 10 in Evocations
 23087 | Lair:8   | Reached ****** piety under Okawaru
 23087 | Lair:8   | Received a gift from Okawaru
 23120 | Lair:8   | Identified a scroll of acquirement
 23818 | D:12     | Found a staircase to the Orcish Mines.
 24324 | D:12     | Received a gift from Okawaru
 24424 | D:13     | Found a labyrinth entrance.
 24506 | D:13     | Reached skill level 5 in Shields
 24601 | Lab      | Entered a labyrinth
 24858 | Lab      | Identified Aguuku Qita's Catalogue of the Birds
 25076 | D:13     | Reached XP level 16. HP: 129/131 MP: 24/24
 25078 | D:13     | Found Vedath's Jewellery Boutique.
 25091 | D:13     | Bought an uncursed amulet of resist corrosion for 320 gold pieces
 25091 | D:13     | Bought the ring "Niroxto" {rC+ rN+ Dex+2} for 646 gold pieces
 26267 | D:14     | Received a gift from Okawaru
 26483 | D:14     | Found a gate to the Vaults.
 26784 | D:15     | Entered Level 15 of the Dungeon
 27186 | D:15     | Found a staircase to the Depths.
 27191 | D:15     | Reached skill level 10 in Shields
 27684 | Orc:1    | Entered Level 1 of the Orcish Mines
 27709 | Orc:1    | Noticed Fannar
 27716 | Orc:1    | Killed Fannar
 27944 | Orc:1    | Noticed Erolcha
 27953 | Orc:1    | Killed Erolcha
 28234 | Orc:2    | Entered Level 2 of the Orcish Mines
 28609 | Orc:2    | Found Heniaf's Distillery.
 28611 | Orc:2    | Found Soasch's General Store.
 28764 | Orc:2    | Received a gift from Okawaru
 28887 | Orc:2    | Bought a potion of resistance for 160 gold pieces
 28887 | Orc:2    | Bought a potion of resistance for 160 gold pieces
 28887 | Orc:2    | Bought a potion of curing for 48 gold pieces
 28887 | Orc:2    | Bought a potion of might for 64 gold pieces
 28887 | Orc:2    | Bought a potion of curing for 48 gold pieces
 28887 | Orc:2    | Bought a potion of heal wounds for 80 gold pieces
 28887 | Orc:2    | Bought 2 potions of curing for 96 gold pieces
 28889 | Orc:2    | Bought a scroll of blinking for 75 gold pieces
 28889 | Orc:2    | Bought a scroll of blinking for 75 gold pieces
 28889 | Orc:2    | Bought 2 potions of curing for 60 gold pieces
 29207 | Orc:2    | Found Zuivia's Antique Armour Shoppe.
 29207 | Orc:2    | Found Kuixzimy's Book Emporium.
 29214 | Orc:2    | Reached XP level 17. HP: 111/137 MP: 25/25
 29220 | Orc:2    | Found a one-way gate leading to the halls of Pandemonium.
 29233 | Orc:2    | Bought a pair of runed boots for 112 gold pieces
 29233 | Orc:2    | Bought a pair of encrusted gloves for 237 gold pieces
 29243 | Orc:2    | Identified the +0 pair of gloves "Pizoegod" {rPois} (You bought it in a shop on level 2 of the Orcish Mines)
 29344 | Orc:2    | Found a staircase to the Elven Halls.
 29373 | Orc:2    | Reached skill level 17 in Polearms
 30177 | Snake:1  | Entered Level 1 of the Snake Pit
 30446 | Snake:1  | Received a gift from Okawaru
 30644 | Snake:1  | Noticed Daviar's ghost (adept DrFE)
 30654 | Snake:1  | Killed Daviar's ghost
 30782 | Snake:1  | Found Ltamiel's Luxury Loot.
 31413 | Snake:2  | Reached skill level 18 in Polearms
 31544 | Snake:2  | Noticed Azrael
 31565 | Snake:2  | Killed Azrael
 31968 | Snake:2  | Got a translucent turquoise ring
 32052 | Snake:2  | Noticed Vashnia
 32080 | Snake:2  | Killed Vashnia
 32080 | Snake:2  | Reached skill level 15 in Fighting
 32091 | Snake:2  | Received a gift from Okawaru
 32357 | Snake:2  | Reached skill level 19 in Polearms
 32737 | Snake:2  | Identified the ring of the Scarab {rElec Str+5} (You took it off a greater naga on level 2 of the Snake Pit)
 33263 | Snake:3  | Reached XP level 18. HP: 51/151 MP: 26/26
 33477 | Snake:3  | Noticed Nikola
 33486 | Snake:3  | Noticed Aizul
 33514 | Snake:3  | Killed Nikola
 33542 | Snake:3  | Reached skill level 20 in Polearms
 34001 | Snake:3  | Killed Aizul
 34001 | Snake:3  | Received a gift from Okawaru
 34249 | Snake:4  | Entered Level 4 of the Snake Pit
 35163 | Snake:4  | Received a gift from Okawaru
 35166 | Snake:4  | Reached skill level 21 in Polearms
 35363 | Snake:4  | Reached skill level 10 in Armour
 36059 | Snake:4  | HP: 7/155 [black mamba (3)]
 36071 | Snake:4  | HP: 7/155 [black mamba (9)]
 36075 | Snake:4  | HP: 3/155 [poisoned by a naga ritualist (toxic radiance)]
 36458 | Snake:4  | Reached XP level 19. HP: 151/162 MP: 27/27
 36481 | Snake:4  | Got a serpentine rune of Zot
 37152 | Vaults:1 | Entered Level 1 of the Vaults
 37436 | Vaults:1 | Received a gift from Okawaru
 38213 | Vaults:1 | Paralysed by an orc sorcerer for 7 turns
 38556 | Vaults:1 | Found Cylikuorchy's Armour Shoppe.
 38564 | Vaults:1 | Bought a +0 large shield of resistance for 535 gold pieces
 38624 | Vaults:1 | Received a gift from Okawaru
 38935 | Vaults:1 | Noticed Wiglaf
 38958 | Vaults:1 | Killed Wiglaf
 39475 | Vaults:1 | Gained mutation: You tend to lose your temper in combat. [potion of mutation]
 39475 | Vaults:1 | Lost mutation: You tend to lose your temper in combat. [potion of mutation]
 39475 | Vaults:1 | Gained mutation: You possess an exceptional clarity of mind. [potion of mutation]
 39990 | Vaults:2 | Received a gift from Okawaru
 40152 | Vaults:2 | Cast into level 3 of the Abyss (a deep elf demonologist)
 40409 | Abyss:3  | HP: 1/166 [angel/whip of holy wrath (10)]
 40446 | Abyss:3  | Slain by a red devil

Vault maps used:
D:1:      lemuel_arrival_tunnels
D:2:      johnstein_pakellas_dig, uniq_iyjb
D:3:      lemuel_coloured_pillars_altar
D:4:      corexii_shack_village, old_standard_altar,
          hangedman_abyss_or_decor_passed, nemelex_xobeh_ov_fountains_minmay
D:5:      lemuel_blue_sif_altar, temple_statues, first_bread
D:6:      lemuel_crystal_altar
D:7:      marbit_many_paths, nicolae_overflow_hidden_temple, uniq_pikel
D:8:      minmay_curly_fans, basic_altar
D:9:      kennysheep_mini_moat, uniq_erica
D:11:     dpeg_oklobed_lair
D:12:     erik_orc_4
D:13:     serial_shops, nicolae_shop_window_shopping, lab_entry_generic,
          hangedman_pestilent_swarm
D:14:     david_vaults_1
D:15:     hangedman_depths_entry_try_elsewhere_first, serial_park_tiny_1
Temple:   eino_narrow_crystal_temple_a_12
Lair:1:   grunt_forest_small_clearings, worms_lemuel, lemuel_fruit_tree
Lair:3:   minmay_shoals_entry_beasts, grunt_megastairs_3,
          infiniplex_staircase_pool
Lair:4:   infiniplex_staircase_pool_2
Lair:5:   boulder_quad_collide, minmay_snake_entry_guardpost_small,
          serial_bayou_shore_b, uniq_snorg
Lair:6:   slime_dummy, eino_small_chamber_without_monster,
          bobbens_ice_dragon_lair, uniq_kirke
Lair:7:   dpeg_oklob_1
Lair:8:   evilmike_catoblepas_cave, kennysheep_basilisk_garden
Snake:1:  nicolae_alphabet_shops
Snake:2:  spider_trap, uniq_vashnia, uniq_azrael
Snake:3:  uniq_aizul, uniq_nikola
Snake:4:  snake_pit
Orc:1:    minmay_goldmine, uniq_erolcha, uniq_fannar
Orc:2:    pf_orc_diabolical
Vaults:1: ontoclasm_vaults_ring_large, hangedman_vaults_cutoff, st_squares,
          v_rooms_6, hangedman_vaults_corner, vaults_room_door_ring,
          vaults_room_door_hall, hangedman_vaults_trim,
          nicolae_vaults_rhombus_7, ontoclasm_vaults_pinch,
          vaults_room_large_hall, nicolae_vaults_yaktaur_gun_rack, v_misc_15,
          serial_shops, shop, uniq_wiglaf
Vaults:2: nicolae_vaults_asterisk, vaults_dpeg_diagonal,
          vaults_room_glass_cross, vaults_dpeg_hooks, vaults_room_semicircle,
          nicolae_vaults_ring_of_whatevers
Abyss:3:  hangedman_abyss_overflow_altar, lemuel_flamethrower_2,
          evilmike_abyss_exit_10
Lab:      labyrinth_hidden_loot, nicolae_lab_quarters, labyrinth_lava_lair,
          nicolae_lab_stuck, nicolae_lab_grate, labyrinth_skeletal_remains,
          lab_fountain

Action                   |  1- 3 |  4- 6 |  7- 9 | 10-12 | 13-15 | 16-18 | 19-21 || total
-------------------------+-------+-------+-------+-------+-------+-------+-------++-------
Melee: Trident           |   104 |   331 |   459 |  1202 |   211 |       |       ||  2307
       Glaive            |       |       |       |       |   559 |       |       ||   559
       Demon trident     |       |       |       |       |   198 |  1710 |   589 ||  2497
Invok: Heroism           |       |       |     1 |     4 |     6 |    12 |     4 ||    27
       Finesse           |       |       |       |       |       |     2 |     1 ||     3
Evoke: Wand              |       |       |       |       |       |     2 |       ||     2
  Use: Scroll            |     3 |     4 |    11 |    12 |    14 |    19 |     4 ||    67
       Potion            |       |     1 |     5 |     5 |    10 |    29 |     3 ||    53
 Stab: Distracted        |       |       |     1 |       |       |     1 |       ||     2
       Invisible         |       |       |       |     2 |     1 |       |       ||     3
       Petrified         |       |       |       |       |       |     6 |       ||     6
  Eat: Chunk             |     1 |     7 |     8 |    20 |    17 |    11 |     2 ||    66
       Bread ration      |       |       |     3 |       |       |     2 |       ||     5
       Pizza             |       |       |     2 |       |       |     1 |       ||     3
       Fruit             |       |       |       |     5 |    10 |     8 |       ||    23
       Beef jerky        |       |       |       |     2 |       |       |       ||     2
       Royal jelly       |       |       |       |     1 |       |     4 |     2 ||     7
       Meat ration       |       |       |       |       |     2 |     1 |     2 ||     5
